Unix NetHack Version 5.0.0-0 post-release - last build May 31 2026 23:59:36 (970b52f25bf058293b47ddfd14a1e40e571c508c,branch:main).

Game began 2026-06-01 16:57:19, ended 2026-06-01 19:15:03.

ArrBianca, chaotic female elven Priestess

 -------     ------
 |.....+#   #.....|
 |..(...#####|..)..
 |.@o..|#   #|.<..|
 |.....|     ------
 -------





        .
        .
        .
        .
        .
       -|-

ArrBianca the Acolyte        St:15 Dx:10 Co:15 In:9 Wi:17 Ch:10  Chaotic
Dlvl:5  $:396 HP:0(40) Pw:23(53) AC:2  Xp:4 T:1194  Hungry  

Latest messages:
 Tripeslut Jr. bites!
 You hit Tripeslut Jr.!
 Tripeslut Jr. bites!
 What do you want to drink? [djt-vC or ?*]
 You feel better.
 Tripeslut Jr. bites!
 You kill Tripeslut Jr.!
 The Uruk-hai thrusts her crude short sword.
 The Uruk-hai hits!
 You hit the Uruk-hai!
 The Uruk-hai drinks a cursed emerald potion!
 The Uruk-hai looks much better.
 You miss the Uruk-hai.
 You are beginning to feel hungry.
 You miss the Uruk-hai.
 The Uruk-hai thrusts her crude short sword.
 The Uruk-hai misses!
 You miss the Uruk-hai.
 The Uruk-hai thrusts her crude short sword.
 The Uruk-hai hits!
 You hit the Uruk-hai.
 The Uruk-hai thrusts her crude short sword.
 The Uruk-hai hits!
 You hit the Uruk-hai.
 The Uruk-hai thrusts her crude short sword.
 The Uruk-hai just misses!
 You miss the Uruk-hai.
 The Uruk-hai thrusts her crude short sword.
 The Uruk-hai hits!
 You hit the Uruk-hai.
 What do you want to drink? [djuvC or ?*]
 You feel better.
 The Uruk-hai thrusts her crude short sword.
 The Uruk-hai hits!
 You miss the Uruk-hai.
 What do you want to drink? [djuvC or ?*]
 You feel better.
 The Uruk-hai thrusts her crude short sword.
 The Uruk-hai hits!
 You hit the Uruk-hai.
 The Uruk-hai thrusts her crude short sword.
 The Uruk-hai hits!
 You miss the Uruk-hai.
 The Uruk-hai thrusts her crude short sword.
 The Uruk-hai hits!
 You miss the Uruk-hai.
 The Uruk-hai thrusts her crude short sword.
 The Uruk-hai hits!
 You die...
 Do you want your possessions identified? [ynq] (y)

Inventory:
 Coins    ('$')
  $ - 396 gold pieces
 Amulets  ('"')
  r - an amulet of guarding
 Weapons  (')')
  a - a blessed +1 mace (weapon in right hand)
 Armor    ('[')
  x - a +0 pair of low boots (being worn)
  c - a +0 small shield (being worn)
  b - a +0 robe (being worn)
  n - a +0 scale mail (being worn)
 Comestibles  ('%')
  e - a clove of garlic
  z - 2 food rations
  f - a sprig of wolfsbane
  k - a cursed rotten tin of kobold meat
 Scrolls  ('?')
  F - a scroll of confuse monster
  s - a scroll of scare monster (at the ready)
 Spellbooks  ('+')
  h - a spellbook of healing
  g - a spellbook of light
 Potions  ('!')
  C - a cursed potion of confusion
  j - a potion of fruit juice
  v - 2 cursed potions of healing
  d - 4 potions of holy water
 Rings    ('=')
  p - a ring of shock resistance (on right hand)
 Wands    ('/')
  w - a wand of fire (0:7)
 Tools    ('(')
  i - a tooled horn
  m - a blindfold
  A - a lock pick
  q - a mirror
 Gems/Stones  ('*')
  l - a worthless piece of yellow glass

ArrBianca the Priestess's attributes:

Background:
 You were an Acolyte, a level 4 elven Priestess.
 You were chaotic, nominally on a mission for Huan Ti
 who was opposed by Shan Lai Ching (lawful) and Chih Sung-tzu (neutral).
 You were right-handed.
 You were in the Dungeons of Doom, on level 5.
 You entered the dungeon 1194 turns ago.
 There was a full moon in effect when your adventure ended.
 You had 144 experience points, 16 more were needed to attain level 5.

Basics:
 You had 0 out of 40 hit points.
 You had 23 out of 53 energy points (spell power).
 Your armor class was 2.
 Your wallet contained 396 zorkmids.
 Autopickup was on for '$?!/="+%' plus thrown, with exceptions.

Final Characteristics:
 Your strength was 15 (limit:18).
 Your dexterity was 10 (limit:18).
 Your constitution was 15 (limit:16).
 Your intelligence was 9 (limit:20).
 Your wisdom was 17 (limit:20).
 Your charisma was 10 (limit:18).

Final Status:
 You were hungry.
 You were unencumbered.
 You were wielding a mace.
 You had basic skill with mace.

Final Attributes:
 You were devoutly aligned.
 You were sleep resistant.
 You were shock resistant.
 Your items were protected from electric shocks.
 You had infravision.
 You were guarded.
 Your spell casting was impaired by metallic armor, mitigated by your robe.
 You were lucky.
 You are dead.

Miscellaneous:
 You encountered 1 bones level.
 Total elapsed playing time was 11 minutes and 8 seconds.

Major events:
 Turn
    1: ArrBianca the chaotic elven Priestess entered the dungeon
  689: attained the rank of Acolyte (level 3)
 1194: killed by an Uruk-hai

Spells:
 Name                 Level Category     Fail Retention
 healing                1   healing       18%  76%-100%
 light                  1   clerical      35%  91%-100%

Skills:
 Fighting Skills
   bare handed combat [Unskilled]
 Weapon Skills
   club               [Unskilled]
   mace               [Basic]
   morning star       [Unskilled]
   flail              [Unskilled]
   hammer             [Unskilled]
   quarterstaff       [Unskilled]
   polearms           [Unskilled]
   spear              [Unskilled]
   trident            [Unskilled]
   lance              [Unskilled]
   bow                [Unskilled]
   sling              [Unskilled]
   crossbow           [Unskilled]
   dart               [Unskilled]
   shuriken           [Unskilled]
   boomerang          [Unskilled]
   unicorn horn       [Unskilled]
 Spellcasting Skills
   healing spells     [Unskilled]
   divination spells  [Unskilled]
   clerical spells    [Basic]

Voluntary challenges:
 Character rerolling was not enabled.
 You were an atheist.
 You were illiterate.
 You never genocided any monsters.
 You never polymorphed an object.
 You never changed form.
 You used no wishes.
Achievement:
 You attained the rank of Acolyte.

 The Dungeons of Doom: levels 1 to 5
    Level 1:
       A fountain, a sink.
    Level 2:
       An altar, a fountain.
    Level 3:
       An altar, a grave.
    Level 4:
       A fountain, a sink.
    Level 5: <- You were here.
       Final resting place for
          you, killed by an Uruk-hai,
          ironrat-Wiz-Hum-Mal-Neu, killed by an Uruk-hai.


Vanquished creatures:
  a large cat
 an Uruk-hai
  2 iguanas
  2 acid blobs
  a hobbit
  3 jackals
  a fox
  3 grid bugs
  3 bats
  3 lichens
  5 newts
25 creatures vanquished.

No species were genocided or became extinct.

Game over:
                       ----------
                      /          \
                     /    REST    \
                    /      IN      \
                   /     PEACE      \
                  /                  \
                  |    ArrBianca     |
                  |      396 Au      |
                  |   killed by an   |
                  |     Uruk-hai     |
                  |                  |
                  |                  |
                  |       2026       |
                 *|     *  *  *      | *
        _________)/\\_//(\/(/\)/\//\/|_)_______

Goodbye ArrBianca the Priestess...

You died in The Dungeons of Doom on dungeon level 5 with 1153 points,
and 396 pieces of gold, after 1194 moves.
You were level 4 with a maximum of 40 hit points when you died.

